 Dungeon Crawl Stone Soup version 0.29.0-7-g18a832c13a (webtiles) character file.

Game seed: 16759280903900955816

7081 SensoryNuts the Carver (level 10, 0/84 HPs)
             Began as a Red Draconian Fighter on Aug 31, 2022.
             Slain by a killer bee (3 damage)
             ... on level 12 of the Dungeon on Sept 1, 2022.
             The game lasted 00:12:48 (8864 turns).

SensoryNuts the Carver (Red Draconian Fighter)      Turns: 8864, Time: 00:12:50

Health: 0/84       AC: 10    Str: 18    XL:     10   Next: 84%
Magic:  10/10      EV: 13    Int:  9    God:
Gold:   716        SH: 11    Dex: 15    Spells: 9/9 levels left

rFire   + + .      SeeInvis .   f - +4 double sword (holy)
rCold   + . .      Faith    .   e - +1 kite shield
rNeg    . . .      Spirit   .   (body armour unavailable)
rPois   +          Reflect  .   (helmet restricted)
rElec   +          Harm     .   j - +1 cloak
rCorr   +          Rampage  .   (no gloves)
Will    .....                   p - +0 pair of boots
Stlth   ++........              h - amulet of regeneration
HPRegen 1.04/turn               (no ring)
MPRegen 0.12/turn               (no ring)

@: about to teleport, resistant
A: breathe fire, AC +7, unfitting armour, fire resistance 1, cold-blooded
a: Breathe Fire


You were on level 12 of the Dungeon.
You visited 2 branches of the dungeon, and saw 12 of its levels.

You collected 716 gold pieces.

Inventory:

Hand Weapons
 a - a +0 long sword
 f - a +4 double sword of holy wrath (weapon)
 H - a +3 scimitar
Armour
 e - a +1 kite shield (worn)
 j - a +1 cloak (worn)
 p - a +0 pair of boots (worn)
Jewellery
 h - an amulet of regeneration (around neck)
 r - a ring of positive energy
 x - an amulet of magic regeneration
 A - a ring of willpower
 E - a ring of willpower
 F - a +6 ring of strength
 G - a ring of flight
Wands
 n - a wand of polymorph (3)
 w - a wand of flame (44) (quivered)
 y - a wand of paralysis (15)
 z - a wand of roots (8)
 D - a wand of acid (6)
Scrolls
 b - 4 scrolls of teleportation
 k - 2 scrolls of immolation
 l - 2 scrolls of poison
 o - a scroll of amnesia
 s - a scroll of magic mapping
 I - a scroll of identify
Potions
 c - 2 potions of resistance
 d - 4 potions of might
 g - 3 potions of lignification
 i - 5 potions of flight
 m - 3 potions of curing
 q - a potion of ambrosia {unknown}
 t - 2 potions of invisibility {unknown}
 u - a potion of degeneration {unknown}
 v - 3 potions of brilliance {unknown}
 C - a potion of mutation {unknown}


   Skills:
 + Level 6.6 Fighting
 * Level 13.1 Long Blades
 + Level 5.9 Dodging
 + Level 2.9 Stealth
 + Level 6.7 Shields
 + Level 0.1 Unarmed Combat
 + Level 0.1 Evocations


You had 9 spell levels left.
You didn't know any spells.
Your spell library contained the following spells:

 Spells                   Type           Power      Damage    Failure   Level
 Apportation              Tloc           0%         N/A       71%         1
 Necrotise                Necr           0%         1d4       71%         1
 Summon Small Mammal      Summ           0%         N/A       71%         1
 Static Discharge         Conj/Air       0%         3-3/arc   85%         2
 Call Canine Familiar     Summ           0%         N/A       97%         3
 Summon Guardian Golem    Hex/Summ       0%         N/A       97%         3
 Cause Fear               Hex            0%         N/A       100%        4
 Dispel Undead            Necr           0%         3d6       100%        4
 Sticky Flame             Conj/Fire      0%         2d3       100%        4
 Dragon Form              Tmut           0%         N/A       100%        7
 Dragon's Call            Summ           0%         N/A       100%        9


Dungeon Overview and Level Annotations

Branches:
Dungeon (10/15)            Temple (1/1) D:7            Lair (0/5) D:8
    Orc: D:9-12

Altars:
Ashenzari
Cheibriados
Dithmenos
Elyvilon
Fedhas
Gozag
Hepliaklqana
Kikubaaqudgha
Nemelex Xobeh
Okawaru
Qazlal
Ru
Sif Muna
Trog
Uskayaw
Vehumet
Wu Jian
Xom
Yredelemnul
The Shining One

Shops:
D:2 [   D:5 :   D:9 (


Innate Abilities, Weirdness & Mutations

You can breathe blasts of fire.
Your fiery red scales are hard. (AC +7)
You cannot fit into any form of body armour.
Your flesh is heat resistant. (rF+)
You are cold-blooded and may be slowed by cold attacks.


Message History

The killer bee attacks as you move away!
The killer bee misses you.
You block the vampire mosquito's attack.
As you read the scroll of teleportation, it crumbles to dust.
You feel strangely unstable. You block the killer bee's attack.
The vampire mosquito misses you. You block the killer bee's attack.
The killer bee stings you but does no damage.
The killer bee stings you.
* * * LOW HITPOINT WARNING * * *
The vampire mosquito bites you.
* * * LOW HITPOINT WARNING * * *
The vampire mosquito draws strength from your injuries!
You feel protected.
The killer bee stings you but does no damage. x2
You block the killer bee's attack.
The vampire mosquito closely misses you.
You block the killer bee's attack. The killer bee closely misses you.
The killer bee misses you. The killer bee barely misses you.
You block the vampire mosquito's attack.
Your surroundings seem slightly different.
The killer bee attacks as you move away!
The killer bee stings you!
* * * LOW HITPOINT WARNING * * *
You block the killer bee's attack. x2
The killer bee attacks as you move away!
You block the killer bee's attack. The killer bee closely misses you.
The killer bee misses you. The killer bee stings you.
* * * LOW HITPOINT WARNING * * *
The killer bee attacks as you move away!
You block the killer bee's attack. The killer bee misses you.
The killer bee closely misses you. The killer bee stings you!
* * * LOW HITPOINT WARNING * * *
You block the killer bee's attack. The killer bee closely misses you.
As you read the scroll of teleportation, it crumbles to dust.
You feel strangely unstable.
The killer bee stings you but does no damage.
The killer bee misses you. The killer bee barely misses you.
The killer bee stings you but does no damage. x2
The killer bee closely misses you. x2; The killer bee stings you.
You die...

#..........#
#....#######
#....#
+....####
#.......#
#.......#
#..y....#
#.yyyy..#
#yy@y...#
#...y...#
#....####
#....#
+....#
#.....
#.....
......#


You could see a vampire mosquito and 8 killer bees.

Vanquished Creatures
  A two-headed ogre (D:9)
  A manticore (D:12)
  Maggie (D:7)
  A wyvern (D:10)
  A wraith (D:12)
  5 yaks (D:9)
  A vampire mosquito (D:12)
  A basilisk (D:12)
  2 steam dragons (D:7)
  An acid dragon (D:8)
  A water moccasin (D:7)
  Duvessa (D:7)
  2 black bears
  An ice beast (D:6)
  4 sky beasts (D:7)
  A centaur (D:6)
  2 ogres
  2 kobold brigands
  A phantom (D:6)
  4 scorpions (D:5)
  2 bullfrogs
  2 necrophages
  18 wights
  Dowan (D:7)
  11 killer bees
  2 electric eels (D:9)
  3 howler monkeys
  3 jellies
  Crazy Yiuf (D:2)
  An orc priest (D:4)
  A gnoll bouda (D:5)
  2 hounds
  5 iguanas
  8 orc wizards
  7 gnolls
  9 adders
  A shadow imp (D:7)
  2 white imps (D:7)
  An ufetubus (D:5)
  A worm (D:4)
  3 dart slugs
  20 orcs
  9 ball pythons
  5 endoplasms
  A giant cockroach (D:3)
  7 goblins
  3 hobgoblins
  16 jackals
  30 kobolds
  4 quokkas
  3 bats (D:1)
  8 frilled lizards
  5 rats
229 creatures vanquished.

Vanquished Creatures (others)
  10 plants (D:12)
10 creatures vanquished.

Grand Total: 239 creatures vanquished

Notes
Turn   | Place    | Note
-------+----------+-------------------------------------------
     0 | D:1      | SensoryNuts the Draconian Fighter began the quest for the
                  | Orb.
     0 | D:1      | Reached XP level 1. HP: 19/19 MP: 1/1
    69 | D:1      | Reached XP level 2. HP: 10/26 MP: 2/2
   350 | D:1      | Found a faded altar of an unknown god.
   617 | D:1      | Reached XP level 3. HP: 30/31 MP: 3/3
  1427 | D:2      | Reached skill level 3 in Long Blades
  1450 | D:2      | Found a runed translucent door.
  1451 | D:2      | Noticed Crazy Yiuf
  1651 | D:2      | Reached XP level 4. HP: 40/40 MP: 4/4
  1800 | D:2      | Found Puagimon's Armour Boutique.
  1915 | D:2      | Found a sparkling altar of Nemelex Xobeh.
  2282 | D:2      | Killed Crazy Yiuf
  3062 | D:3      | Reached XP level 5. HP: 44/46 MP: 5/5
  3296 | D:3      | Found a shadowy altar of Dithmenos.
  3342 | D:3      | Reached skill level 4 in Long Blades
  3481 | D:3      | Identified a scroll of acquirement
  3481 | D:3      | Acquired a +4 double sword of holy wrath
  3702 | D:4      | Noticed an ogre
  3714 | D:4      | Killed an ogre
  3715 | D:4      | Reached skill level 5 in Long Blades
  3715 | D:4      | Reached skill level 1 in Stealth
  3715 | D:4      | Reached XP level 6. HP: 39/52 MP: 6/6
  3939 | D:4      | Your scales start taking on a fiery red colour.
  3939 | D:4      | Reached XP level 7. HP: 57/59 MP: 7/7
  3939 | D:4      | Gained mutation: Your flesh is heat resistant. (rF+) [Red
                  | Draconian growth]
  3948 | D:4      | Reached skill level 6 in Long Blades
  4453 | D:5      | Entered Level 5 of the Dungeon
  4620 | D:5      | Reached skill level 7 in Long Blades
  4813 | D:5      | Found Nillan's Book Boutique.
  4825 | D:5      | Reached XP level 8. HP: 67/67 MP: 8/8
  4925 | D:5      | Identified the +4 glaive "Yquqovan" {flame, rElec}
  4944 | D:5      | Reached skill level 8 in Long Blades
  5349 | D:6      | Found the +7 Throatcutter {drain, coup de grace}
  5460 | D:6      | Reached skill level 5 in Fighting
  5460 | D:6      | Reached skill level 9 in Long Blades
  5721 | D:7      | Found a staircase to the Ecumenical Temple.
  5747 | Temple   | Entered the Ecumenical Temple
  5788 | D:7      | Reached XP level 9. HP: 73/74 MP: 9/9
  5800 | D:7      | Reached skill level 5 in Shields
  6139 | D:7      | Reached skill level 10 in Long Blades
  6161 | D:7      | Reached skill level 5 in Dodging
  6223 | D:7      | Noticed Maggie
  6249 | D:7      | Killed Maggie
  6400 | D:7      | Noticed Dowan
  6404 | D:7      | Noticed Duvessa
  6425 | D:7      | Killed Duvessa
  6436 | D:7      | Killed Dowan
  6443 | D:7      | Reached skill level 11 in Long Blades
  6511 | D:7      | Found a basalt altar of Yredelemnul.
  6512 | D:7      | Found a sacrificial altar of Ru.
  7368 | D:8      | Reached XP level 10. HP: 73/83 MP: 10/10
  7579 | D:8      | Found a staircase to the Lair.
  7784 | D:9      | Noticed a two-headed ogre
  7797 | D:9      | Killed a two-headed ogre
  7798 | D:9      | Reached skill level 12 in Long Blades
  8011 | D:9      | Found a stormy altar of Qazlal.
  8023 | D:9      | Found a blossoming altar of Fedhas.
  8139 | D:9      | Found Wuguadav's Antique Weapon Emporium.
  8651 | D:10     | Entered Level 10 of the Dungeon
  8716 | D:10     | You fall into a shaft and drop 2 floors!
  8727 | D:12     | Noticed a manticore
  8747 | D:12     | Killed a manticore
  8748 | D:12     | Reached skill level 13 in Long Blades
  8837 | D:12     | Noticed a deep elf pyromancer
  8849 | D:12     | Noticed a purple ugly thing
  8863 | D:12     | HP: 2/84 [killer bee (7)]
  8864 | D:12     | Slain by a killer bee

Illustrated notes

Levels and vault maps discovered:
D:1:      lightli_arrival_maybe_door_vault, layout_rooms, serial_glass,
          glass_columns_c, glass_columns_b, feat_on_display, feat_on_display,
          due_unseen_surprise, item_on_display_a,
          hellmonk_ecumenical_altar_dog_temple
D:2:      layout_basic, serial_shops, nicolae_diamond_shop, basic_altar,
          minmay_pentomino_pile, uniq_crazy_yiuf_cottage
D:3:      layout_loops_cross, mainiacjoe_overflow_six_doors_small
D:4:      layout_basic, minmay_misc_feat_doors, nrook_mini_backslash
D:5:      layout_loops_ring, serial_shops, shop, st_stairs_11,
          due_unseen_surprise
D:6:      layout_basic, serial_rivers, chequers_serial_rivers_micro_b,
          chequers_serial_rivers_small_a, chequers_serial_rivers_small_b,
          chequers_serial_rivers_micro_c, hex_tiny,
          kennysheep_opposing_triangles
D:7:      layout_cave_pods, gammafunk_temple_overflow_pools,
          minmay_temple_entry_junction, hangedman_misty_isle, uniq_duvessa,
          uniq_maggie
D:8:      layout_cave_pools, lair_entry_dummy
D:9:      layout_basic, grunt_temple_overflow_forces_of_nature, serial_shops,
          nicolae_shop_stone, kennysheep_diamond, fungi_pond_lemuel,
          minivault_16
D:10:     layout_loops_corners, nzn_makhleb_speed_demon,
          mainiacjoe_overflow_catwalk, hangedman_corner_corridor, uniq_lodul
D:12:     regret_index_wax_grids, layout_irregular_city, david_orc_2,
          serial_shops, shop
Temple:   hellmonk_temple_two_chambers

Skill      XL: |  1  2  3  4  5  6  7  8  9 10 |
---------------+-------------------------------+-----
Dodging        | 3 4 5 |  5.9
Long Blades    | 3 5 7 9 11 13 | 13.1
Fighting       | 4 5 6 |  6.6
Stealth        | 1 2 |  2.9
Shields        | 4 5 6 |  6.7
Unarmed Combat | |  0.1
Evocations     | |  0.1

Action                   |  1- 3 |  4- 6 |  7- 9 | 10-12 || total
-------------------------+-------+-------+-------+-------++-------
Melee: Long sword        |   169 |   114 |       |       ||   283
       Tailslap          |    21 |    11 |    31 |    13 ||    76
       Double sword      |       |    66 |   297 |   108 ||   471
       Unarmed           |       |     5 |       |       ||     5
Evoke: Wand              |       |       |       |     2 ||     2
  Use: Potion            |     2 |     1 |     2 |     3 ||     8
       Scroll            |     2 |     5 |     7 |     5 ||    19
 Stab: Sleeping          |     1 |     4 |       |     2 ||     7
       Distracted        |       |     1 |     1 |       ||     2
Armor: Skin              |    85 |    58 |   133 |    49 ||   325
Dodge: Dodged            |   127 |    96 |   225 |    85 ||   533
Block: Buckler           |    27 |       |       |       ||    27
       Kite shield       |    82 |    79 |   208 |    99 ||   468
